 Dungeon Crawl Stone Soup version 0.22-a0-362-g535178c (webtiles) character file.

134 Amnesiac the Magician (level 4, -6/33 HPs)
             Began as a Mummy Wizard on Apr 21, 2018.
             Killed by divine providence
             ... invoked by an orc priest
              (11 damage)
             ... on level 4 of the Dungeon.
             The game lasted 00:04:59 (2529 turns).

Amnesiac the Magician (Mummy Wizard)                Turns: 2529, Time: 00:04:59

Health: -6/33      AC:  2    Str: 10    XL:     4   Next: 95%
Magic:  6/10       EV: 13    Int: 18    God:
Gold:   54         SH:  0    Dex: 10    Spells: 1/12 levels left

rFire    x . .     SeeInvis .   e - -1 dagger (curse)
rCold    + . .     Gourm    .   (no shield)
rNeg     + + +     Faith    .   a - +0 robe
rPois    ∞         Spirit   .   (no helmet)
rElec    .         Reflect  .   (no cloak)
rCorr    .         Harm     .   (no gloves)
MR       .....                  (no boots)
Stlth    +.........             (no amulet)
HPRegen  0.11/turn              (no ring)
MPRegen  0.12/turn              (no ring)

@: confused
A: no food or potions, fire vulnerability, cold resistance 1, negative energy
resistance 3, torment resistance, unbreathing
a: no special abilities


You were on level 4 of the Dungeon.
You were not hungry.

You visited 1 branch of the dungeon, and saw 4 of its levels.

You collected 54 gold pieces.

Inventory:

Hand Weapons
 c - a +0 dagger
 e - a cursed -1 dagger (weapon)
Missiles
 b - 22 sling bullets
Armour
 a - a +0 robe (worn)
Scrolls
 d - 2 scrolls of identify {!r, unknown}


   Skills:
 + Level 2.0 Fighting
 * Level 3.2 Dodging
 - Level 1.5 Stealth
 + Level 4.9 Spellcasting
 - Level 0.7 Conjurations
 - Level 0.7 Summonings
 - Level 0.7 Translocations


You had one spell level left.
You knew the following spells:

 Your Spells              Type           Power        Failure   Level  Hunger
a - Magic Dart            Conj           #...         10%         1    N/A
b - Call Imp              Summ           #.......     16%         2    N/A
e - Mephitic Cloud        Conj/Pois/Air  #.......     36%         3    N/A
s - Conjure Flame         Conj/Fire      #.......     34%         3    N/A
v - Blink                 Tloc           N/A          16%         2    N/A

Dungeon Overview and Level Annotations

Branches:
Dungeon (4/15)
 Temple: D:4-7

Altars:

Annotations:
D:2 1 exclusion


Innate Abilities, Weirdness & Mutations

You do not eat or drink.
Your flesh is vulnerable to fire.
You are immune to poison.
Your flesh is cold resistant. (rC+)
You are immune to negative energy. (rN+++)
You are immune to unholy pain and torment.
You can survive without breathing.


Message History

a trident; a leather armour; an orc corpse
Found a glaive.
An orc comes into view. It is wielding a whip.
Your white imp resists with significant effort.
An orc priest comes into view. It is wielding a mace.
An orc wizard comes into view. It is wielding a dagger.
The orc wizard casts a spell.
The orc wizard flickers and vanishes!
Deactivating autopickup; reactivate with Ctrl-A.
Your white imp disappears in a puff of smoke!
Your magical contamination has completely faded away.
A magic dart appears from out of thin air!
The magic dart hits you!
Casting: Call Imp (safe; 16% risk of failure)
Confirm with . or Enter, or press ? or * to list all spells.
A beastly little devil appears in a puff of frigid air.
A magic dart appears from out of thin air!
The magic dart hits you!
* * * LOW HITPOINT WARNING * * *
Your white imp gestures at the orc.
The puff of frost hits the orc.
What are your orders? t - Shout!
Orders for allies: a - Attack new target. r - Retreat! s - Stop attacking. g - Guard the area. f - Follow me.
Anything else - Cancel.
Gang up on whom?
Press: ? - help, Dir - move target cursor, f - orc priest
Aim: an orc priest, wielding a mace Attack!
The orc shouts!
The orc hits your white imp with a whip.
Something hits your white imp but does no damage.
The orc throws a stone.
The stone barely misses you.
Your white imp freezes the orc priest.
The orc priest looks satisfied for a moment.
The orc barely misses your white imp.
The orc throws a stone.
The stone closely misses you.
The orc priest hits your white imp but does no damage.
The orc barely misses your white imp.
The orc throws a stone.
The stone misses you.
Things that are here:
a short sword; a ring mail; 10 gold pieces The orc hits your white imp with a whip.
The orc priest closely misses your white imp.
The orc throws a stone.
The stone closely misses you.
The orc hits your white imp but does no damage.
The orc throws a stone.
The stone barely misses you.
Your white imp gestures at the orc.
The puff of frost hits the orc.
The orc dies!
An orc comes into view. It is wielding a hand axe.
You are confused.
The orc throws a stone.
The stone hits you.
* * * LOW HITPOINT WARNING * * *
The orc shouts!
A magic dart appears from out of thin air!
The magic dart hits you!
* * * LOW HITPOINT WARNING * * *
The orc throws a stone.
The stone misses you.
The orc priest invokes the aid of Beogh against you.
Beogh smites you!
You die...

...####.....#####... #..#
#........##.## #..#
##.#...#..#.# #..#
#....###.#.##
#..#####(#...#..#)..
######....(...#..........
#.......#...(..).....#.##
#.........)..{.o)........
#>...o.<@..###..5....#.##
#..........# #.......# #)
#..........# #.......# #
#....[.....# #.#.......
#..........##..##....#.#
##.#....o..#.#.###......
#............#. .....###
######....... # ##..##


You could see an orc priest and 2 orcs.

Vanquished Creatures
  An adder (D:2)
  2 dart slugs (D:2)
  A leopard gecko (D:4)
  2 orcs
  2 bats
  2 giant cockroaches
  A quokka (D:2)
  2 kobolds
13 creatures vanquished.

Vanquished Creatures (collateral kills)
  A howler monkey (D:3)
  A hound (D:4)
  A bullfrog skeleton (D:4)
  2 orc priests
  An orc wizard (D:3)
  An adder skeleton (D:4)
  3 orcs
  2 quokkas (D:4)
  A frilled lizard (D:4)
13 creatures vanquished.

Grand Total: 26 creatures vanquished

Notes
Turn   | Place    | Note
-------+----------+-------------------------------------------
     0 | D:1      | Amnesiac the Mummy Wizard began the quest for the Orb.
     0 | D:1      | Reached XP level 1. HP: 13/13 MP: 5/5
   290 | D:2      | Reached XP level 2. HP: 7/20 MP: 0/7
   342 | D:2      | Learned a level 2 spell: Call Imp
   738 | D:4      | Noticed a howler monkey
   924 | D:3      | Killed a howler monkey
   924 | D:3      | Reached skill level 1 in Fighting
   924 | D:3      | Reached XP level 3. HP: 7/26 MP: 3/8
   929 | D:3      | Learned a level 3 spell: Mephitic Cloud
   933 | D:3      | Learned a level 3 spell: Conjure Flame
  1177 | D:4      | Reached XP level 4. HP: 12/32 MP: 2/10
  1380 | D:4      | Learned a level 2 spell: Blink
  2529 | D:4      | Killed from afar by an orc priest

Vault maps used:
D:1:      saegor_arrival_simple_e, evilmike_ruin_ashenzari
D:2:      first_ration, uniq_robin, uniq_natasha
D:3:      minmay_ogre_servants
D:4:      minmay_surrounded

Skill      XL: |  1  2  3  4 |
---------------+-------------+-----
Dodging        | 2 3 |  3.2
Fighting       | 1 2 |  2.0
Stealth        | |  1.5
Spellcasting   | |  4.9
Conjurations   | |  0.7
Summonings     | |  0.7
Translocations | |  0.7

Action                   |  1- 3 |  4- 6 || total
-------------------------+-------+-------++-------
Melee: Dagger            |    26 |    17 ||    43
       Unarmed           |     2 |       ||     2
 Cast: Magic Dart        |    28 |     8 ||    36
       Call Imp          |    11 |    26 ||    37
       Blink             |       |     1 ||     1
 Stab: Sleeping          |     1 |       ||     1
Armor: Robe              |     8 |     5 ||    13
Dodge: Dodged            |    27 |    37 ||    64

Table legend:
 A = Spawn XP
 B = Non-spawn XP
 C = Spawn XP percentage of total XP
 D = Spawn monster count
 E = Non-spawn monster count
 F = Spawn count percentage of total count
 G = Total turns spent on level
                    A         B        C        D         E        F      G
               +---------+---------+-------+---------+---------+-------+---------
         Total |       0 |     192 |   0.0 |       0 |      26 |   0.0 |  2529
               +---------+---------+-------+---------+---------+-------+---------
           D:1 |       0 |       3 |   0.0 |       0 |       2 |   0.0 |   139
           D:2 |       0 |      21 |   0.0 |       0 |       4 |   0.0 |   859
           D:3 |       0 |      83 |   0.0 |       0 |       9 |   0.0 |  1097
           D:4 |       0 |      85 |   0.0 |       0 |      11 |   0.0 |   434
               +---------+---------+-------+---------+---------+-------+---------
